 Dungeon Crawl Stone Soup version 0.29-a0-359-g541a27f54d (webtiles) character file.

Game seed: 2105884288405116207

3449 Colgate the Fighter (level 10, -1/64 HPs)
             Began as a Kobold Brigand on Apr 27, 2022.
             Was a High Priest of Nemelex Xobeh.
             Succumbed to barbed spike wounds
             ... on level 8 of the Dungeon.
             The game lasted 00:26:46 (12749 turns).

Colgate the Fighter (Kobold Brigand)               Turns: 12749, Time: 00:26:46

Health: -1/64      AC:  8    Str:  9    XL:     10   Next: 26%
Magic:  9/14       EV: 20    Int: 16    God:    Nemelex Xobeh [*****.]
Gold:   585        SH:  5    Dex: 17    Spells: 12/15 levels left

rFire   . . .      SeeInvis .   b - +3 dagger "Kaxkoz" {vorpal, Fly}
rCold   . . .      Faith    .   (no shield)
rNeg    . . .      Spirit   .   m - +1 leather armour {rPois}
rPois   +          Reflect  +   r - +0 helmet
rElec   .          Harm     .   c - +0 cloak
rCorr   +          Rampage  .   p - +0 pair of gloves
Will    .....                   u - +0 pair of boots
Stlth   ++++......              v - amulet of reflection
HPRegen 0.20/turn               i - +4 ring of evasion
MPRegen 0.14/turn               A - ring of resist corrosion

@: spiked, flying
A: small, no large weapons, nightstalker 3
a: Renounce Religion, Draw Escape, Draw Destruction, Draw Summoning, Triple
Draw, Deal Four, Stack Five


You were on level 8 of the Dungeon.
You worshipped Nemelex Xobeh.
Nemelex Xobeh was extremely pleased with you.
You visited 2 branches of the dungeon, and saw 9 of its levels.

You collected 585 gold pieces.

Inventory:

Hand Weapons
 a - a +0 short sword of speed
 b - the +3 dagger "Kaxkoz" (weapon) {vorpal, Fly}
   (You found it on level 4 of the Dungeon)

   It inflicts extra damage upon your enemies.
   Fly:       It grants you flight.
 y - a +4 dagger of speed
 B - a +0 rapier
Missiles
 d - 26 poisoned darts
 e - 3 curare-tipped darts
 L - a throwing net {!f}
Armour
 c - a +0 cloak (worn)
 h - a +0 robe
 m - a +1 leather armour of poison resistance (worn)
 p - a +0 pair of gloves (worn)
 r - a +0 helmet (worn)
 u - a +0 pair of boots (worn)
 I - a +2 pair of gloves
Jewellery
 i - a +4 ring of evasion (left hand)
 v - an amulet of reflection (around neck)
 A - a ring of resist corrosion (right hand)
Wands
 C - a wand of paralysis (13)
 G - a wand of iceblast (10) {@v2}
 K - a wand of digging (3) {@v3}
Scrolls
 n - 4 scrolls of vulnerability
 q - 2 scrolls of noise
 w - a scroll of fear
 x - a scroll of fog {unknown}
 D - a scroll of teleportation {@r3}
 E - a scroll of magic mapping {unknown}
 H - a scroll of identify {@r1}
 M - a scroll of silence {unknown}
Potions
 f - 2 potions of ambrosia {unknown}
 g - 7 potions of flight
 j - 2 potions of resistance {@q5}
 k - a potion of berserk rage
 l - 2 potions of haste {@q4}
 o - 4 potions of heal wounds {@q2}
 s - a potion of curing {unknown}
 t - a potion of cancellation {unknown}
 z - a potion of magic {unknown}
 F - a potion of invisibility {unknown}
 J - a potion of might {unknown}


   Skills:
 - Level 8.0 Fighting
 - Level 2.6 Short Blades
 - Level 2.1 Throwing
 - Level 5.3 Dodging
 - Level 6.7 Stealth
 - Level 3.0 Spellcasting
 - Level 5.6 Conjurations
 - Level 4.0 Earth Magic
 + Level 4.5 Invocations
 - Level 7.0 Evocations


You had 12 spell levels left.
You knew the following spells:

 Your Spells              Type           Power      Damage    Failure   Level
a - Stone Arrow           Conj/Erth      34%        3d9       11%         3

Your spell library contained the following spells:

 Spells                   Type           Power      Damage    Failure   Level
 Slow                     Hex            8%         N/A       26%         1
 Blink                    Tloc           4%         N/A       36%         2
 Call Canine Familiar     Summ           2%         N/A       61%         3
 Confusing Touch          Hex            2%         N/A       61%         3
 Gell's Gravitas          Tloc           2%         N/A       61%         3
 Lesser Beckoning         Tloc           2%         N/A       61%         3
 Portal Projectile        Hex/Tloc       4%         N/A       61%         3
 Teleport Other           Tloc           2%         N/A       61%         3
 Vampiric Draining        Necr           2%         2d6       61%         3
 Animate Armour           Summ/Erth      16%        N/A       75%         4
 Leda's Liquefaction      Hex/Erth       4%         N/A       75%         4
 Manifold Assault         Tloc           2%         N/A       100%        5
 Dispersal                Tloc           1%         N/A       100%        6
 Lehudib's Crystal Spear  Conj/Erth      8%         10d4      100%        8


Dungeon Overview and Level Annotations

Branches:
Dungeon (8/15)             Temple (1/1) D:5
   Lair: D:8-11

Altars:
Cheibriados
Dithmenos
Elyvilon
Fedhas
Gozag
Hepliaklqana
Kikubaaqudgha
Makhleb
Nemelex Xobeh
Okawaru
Ru
Sif Muna
Trog
Wu Jian
Yredelemnul
Zin
The Shining One
Ignis

Annotations:
D:7 2 transporters


Innate Abilities, Weirdness & Mutations

You are small and have problems with some larger weapons.
You are completely attuned to the shadows.


Message History

No target in view!
A centaur comes into view.
It is wearing the ring "Rucep" {rF- rC+ Str+6 Int+2 Slay+5}.
The stone arrow hits the centaur!
The centaur shouts!
The centaur wields a +0 shortbow.
The centaur shoots an arrow.
The arrow hits you!
The stone arrow misses the centaur.
You hear a shout!
The centaur shoots an arrow.
The arrow misses you.
A cyclops comes into view.
The centaur shoots an arrow.
The arrow hits you!
The cyclops throws a large rock.
The large rock hits you!!
You draw a card...
You have drawn the Pentagram.
The red devil hits you from afar with a +0 trident!
* * * LOW HITPOINT WARNING * * *
Barbed spikes become lodged in your body.
The barbs in your skin will harm you if you move.
Continue?
The barbed spikes dig painfully into your body as you move.
* * * LOW HITPOINT WARNING * * *
Your hell hound bites the red devil!
The red devil hits your hell hound with a +0 trident.
Your hell hound is skewered by barbed spikes.
You draw a card...
You have drawn Velocity.
Nothing appears to happen.
Your hell hound barely misses the red devil.
The red devil barely misses your hell hound.
You draw a card...
You have drawn the Cloud.
Clouds appear around you!
Your hell hound breathes flames at the red devil.
The blast of flame hits the red devil.
The red devil completely resists.
You feel a bit more experienced.
The red devil hits your hell hound with a +0 trident.
Your hell hound is skewered by barbed spikes.
Your hell hound bites the red devil.
You draw a card...
You have drawn the Cloud.
Nothing appears to happen.
Your hell hound closely misses the red devil.
The red devil completely misses your hell hound.
You draw a card...
You have drawn the Pentagram.
Your hell hound closely misses the red devil.
The barbed spikes dig painfully into your body as you move.
You die...
Your body glows with a rainbow of weird colours and disappears.

#.....#
#.....#
#.#.#..
#.#.### #.#.#
#.# #.#.# #.#
####.#.# #.#
.......###R###
###.......3@.#
..........#.#
###..#.###.#h#
#..#.. #.#4#
#. ... ..#ยง#
.## .#.#C#
.....c. .#.#.
....#.#


You could see a red devil (summoned, ally target), a friendly rakshasa
(summoned, wandering), a friendly ynoxinul (summoned, wandering) and a friendly
hell hound (summoned, skewered).

Vanquished Creatures
  An ugly thing (D:8)
  The ghost of P0WERM0DE the Ruffian, an amateur TrCK of Xom (D:5)
  Sigmund (D:4)
  Eustachio (D:5)
  The ghost of zorge82 the Slasher, an amateur MfGl (D:4)
  2 water moccasins
  A black bear (D:6)
  An ice beast (D:6)
  3 bullfrogs (D:7)
  A scorpion (D:7)
  2 howler monkeys
  A hound (D:6)
  3 orc priests
  A gnoll shaman (D:8)
  Jessica (D:3)
  5 iguanas
  3 orc wizards
  Robin (D:3)
  4 gnolls (D:8)
  8 adders
  2 shadow imps
  3 white imps
  2 worms
  14 orcs
  11 bats
  12 endoplasms
  A giant cockroach (D:2)
  17 goblins
  9 hobgoblins
  3 jackals (D:4)
  9 kobolds
  2 quokkas
  6 ball pythons
  A frilled lizard (D:1)
  6 rats
140 creatures vanquished.

Vanquished Creatures (collateral kills)
  A two-headed ogre (D:5)
  An ice beast (D:6)
  A centaur (D:8)
  2 ogres (D:5)
  A kobold brigand (D:6)
  A bullfrog (D:8)
  A scorpion (D:6)
  An orc priest (D:5)
  A kobold (D:6)
10 creatures vanquished.

Vanquished Creatures (others)
  A gnoll (D:8)
  6 plants (D:7)
7 creatures vanquished.

Grand Total: 157 creatures vanquished

Notes
Turn   | Place    | Note
-------+----------+-------------------------------------------
     0 | D:1      | Colgate the Kobold Brigand began the quest for the Orb.
     0 | D:1      | Reached XP level 1. HP: 12/12 MP: 1/1
   174 | D:1      | Reached skill level 1 in Earth Magic
   346 | D:1      | Reached XP level 2. HP: 17/17 MP: 2/2
   685 | D:1      | Reached XP level 3. HP: 21/21 MP: 3/3
   690 | D:1      | Reached skill level 1 in Conjurations
   820 | D:1      | Found a faded altar of an unknown god.
   825 | D:1      | Prayed at the altar of an unknown god.
   825 | D:1      | Became a worshipper of Nemelex Xobeh the Trickster
   825 | D:1      | Reached * piety under Nemelex Xobeh
  1269 | D:2      | Received a gift from Nemelex Xobeh
  1381 | D:2      | Reached skill level 1 in Spellcasting
  1565 | D:2      | Reached XP level 4. HP: 25/26 MP: 6/6
  1774 | D:3      | Received a gift from Nemelex Xobeh
  1824 | D:3      | Reached ** piety under Nemelex Xobeh
  1890 | D:3      | Noticed Robin
  1935 | D:3      | Noticed Jessica
  1943 | D:3      | Killed Jessica
  2138 | D:3      | Reached XP level 5. HP: 30/30 MP: 7/7
  2303 | D:2      | Learned a level 3 spell: Stone Arrow
  2760 | D:3      | Killed Robin
  3283 | D:3      | Reached XP level 6. HP: 34/35 MP: 8/8
  4758 | D:4      | Identified the +3 dagger "Kaxkoz" {vorpal, Fly}
  4975 | D:4      | Found a runed translucent door.
  5333 | D:4      | Noticed Sigmund
  5337 | D:4      | Killed Sigmund
  5338 | D:4      | Reached XP level 7. HP: 40/40 MP: 11/11
  5363 | D:4      | Received a gift from Nemelex Xobeh
  5381 | D:4      | Reached *** piety under Nemelex Xobeh
  5939 | D:4      | Found a sacrificial altar of Ru.
  6059 | D:4      | Noticed zorge82's ghost (amateur MfGl)
  6178 | D:4      | Killed zorge82's ghost
  6575 | D:4      | Found a sacrificial altar of Ru.
  7303 | D:5      | Entered Level 5 of the Dungeon
  7413 | D:5      | Received a gift from Nemelex Xobeh
  7419 | D:5      | Found a staircase to the Ecumenical Temple.
  7426 | Temple   | Entered the Ecumenical Temple
  7880 | D:5      | Reached **** piety under Nemelex Xobeh
  7880 | D:5      | Received a gift from Nemelex Xobeh
  7883 | D:5      | Found a shimmering blue altar of Sif Muna.
  7907 | D:5      | Noticed Eustachio
  7915 | D:5      | Killed Eustachio
  7916 | D:5      | Reached skill level 5 in Conjurations
  7916 | D:5      | Reached XP level 8. HP: 44/44 MP: 8/12
  8015 | D:5      | Found an iron altar of Okawaru.
  8018 | D:5      | Found an opulent altar of Gozag.
  8146 | D:5      | Found a transporter.
  8147 | D:5      | Noticed P0WERM0DE's ghost (amateur TrCK)
  8276 | D:5      | Received a gift from Nemelex Xobeh
  8689 | D:5      | Noticed a two-headed ogre
  8695 | D:5      | Killed a two-headed ogre
  8696 | D:5      | Reached skill level 6 in Fighting
  8696 | D:5      | Reached XP level 9. HP: 36/56 MP: 9/13
  9136 | D:5      | Reached skill level 7 in Fighting
  9138 | D:5      | Found a transporter.
  9151 | D:5      | Killed P0WERM0DE's ghost
  9432 | D:6      | Reached skill level 5 in Dodging
  9967 | D:6      | Reached skill level 8 in Fighting
 10073 | D:6      | Reached skill level 1 in Evocations
 11255 | D:7      | Received a gift from Nemelex Xobeh
 11344 | D:7      | Identified the ring "Laoqaonu" {rC+ Dex+4}
 11668 | D:7      | Found a transporter.
 11695 | D:7      | Found a sparkling altar of Nemelex Xobeh.
 11708 | D:7      | Reached XP level 10. HP: 64/64 MP: 14/14
 11926 | D:7      | Identified the +2 trident of Lust {vamp, Dex+8}
 11935 | D:7      | Found a transporter.
 12168 | D:7      | Reached skill level 5 in Evocations
 12336 | D:8      | Received a gift from Nemelex Xobeh
 12341 | D:8      | Noticed a red ugly thing
 12365 | D:8      | Killed a red ugly thing
 12712 | D:8      | Reached ***** piety under Nemelex Xobeh
 12738 | D:8      | Identified the ring "Rucep" {rF- rC+ Str+6 Int+2 Slay+5}
 12740 | D:8      | Noticed a cyclops
 12744 | D:8      | HP: 3/64 [barbs]
 12749 | D:8      | Succumbed to barbed spike wounds

Illustrated notes

Levels and vault maps discovered:
D:1:      nagdon_arrival_double_spiral, layout_basic,
          shapermc_ecumenical_altar_pompeii, nicolae_figureground_pulse
D:2:      layout_rooms
D:3:      layout_basic, dreamdust_wishing_well, st_stairs_9, uniq_jessica,
          uniq_robin
D:4:      layout_loops_corners, nicolae_ru_great_annihilating_truth,
          ebering_ghost_sewer_d, uniq_sigmund
D:5:      layout_basic, tgw_sif, jmf_multi_god_temple, minmay_temple_entry_tees,
          gammafunk_ghost_smash, minmay_small_thing, uniq_eustachio
D:6:      layout_loops_ring, serial_rivers, chequers_serial_rivers_micro_a,
          chequers_serial_rivers_marsh, chequers_serial_rivers_micro_c,
          chequers_serial_rivers_room_b, portal_sewer_entry_d
D:7:      layout_basic, lemuel_round_altar, gammafunk_ghost_gnarly_gnolls
D:8:      minmay_the_grid_octo_triangle [minmay_the_grid_octo_77,
          minmay_the_grid_octo_prize_square_snowflake,
          minmay_the_grid_octo_fat_diamond], layout_loops_ring,
          nicolae_overflow_hidden_temple, uniq_grum
Temple:   pdpol_scorched_temple

Skill      XL: |  1  2  3  4  5  6  7  8  9 10 |
---------------+-------------------------------+-----
Earth Magic    | 1 2 3 4 |  4.0
Conjurations   | 1 2 3 5 |  5.6
Spellcasting   | 1 3 |  3.0
Invocations    | 3 4 |  4.5
Stealth        | 6 |  6.7
Fighting       | 6 8 |  8.0
Dodging        | 5 |  5.3
Evocations     | 4 7 |  7.0
Short Blades   | |  2.6
Throwing       | |  2.1

Action                   |  1- 3 |  4- 6 |  7- 9 | 10-12 || total
-------------------------+-------+-------+-------+-------++-------
Melee: Dagger            |    79 |   132 |    29 |    14 ||   254
       Short sword       |       |       |    19 |    12 ||    31
       Punch             |       |       |     1 |     1 ||     2
 Cast: Stone Arrow       |       |     5 |    50 |    13 ||    68
Invok: Draw Destruction  |       |       |     5 |     3 ||     8
       Draw Summoning    |       |       |     3 |     3 ||     6
       Draw Escape       |       |       |       |     4 ||     4
  Use: Scroll            |       |     7 |     5 |       ||    12
 Stab: Sleeping          |    18 |    13 |    16 |     3 ||    50
       Distracted        |     1 |       |       |       ||     1
       Petrified         |       |       |       |     2 ||     2
Armor: Robe              |     5 |     5 |     1 |       ||    11
       Leather armour    |       |    16 |     5 |     2 ||    23
Dodge: Dodged            |    33 |    56 |    30 |    27 ||   146
Block: Other             |       |       |    13 |     5 ||    18

Table legend: (Time is in decaauts)
 A = Elapsed time spent in this place.
 B = Non-inter-level travel time spent in this place.
 C = Inter-level travel time spent in this place.
 D = Time resting spent in this place.
 E = Time spent auto-exploring this place.
 F = Levels seen in this place.
 G = Mean time per level.
                   A        B        C        D        E       F      G
               +--------+--------+--------+--------+--------+-----+--------+
         Total |  12662 |  12147 |    515 |     56 |  10870 |   9 | 1406.9 |
       Dungeon |  12574 |  12071 |    503 |     56 |  10806 |   8 | 1571.8 |
        Temple |     87 |     75 |     12 |      0 |     64 |   1 |   87.0 |
               +--------+--------+--------+--------+--------+-----+--------+

Top non-repeatable levels by time:
     D:3: 2686 daAuts
     D:4: 2550 daAuts
     D:5: 2013 daAuts
     D:7: 1613 daAuts
     D:6: 1276 daAuts
     D:1: 1238 daAuts
     D:2: 751 daAuts
     D:8: 446 daAuts
  Temple: 87 daAuts
